Los Angeles Kings vs Las Vegas Golden Knights

Created - dimanche 23 décembre 2018 at 19:00

Goals
1 2 3 T
Los Angeles Kings 2 1 1 4
Las Vegas Golden Knights 0 2 1 3
Shots
1 2 3 T
Los Angeles Kings 8 14 12 34
Las Vegas Golden Knights 13 15 11 39

1st period

1. Los Angeles Kings , Tanner Pearson 8 (Jeff Carter 17, Jake Muzzin 15) at 3:45 (PP)
2. Los Angeles Kings , Adrian Kempe 5 (Drew Doughty 28, Alex Iafallo 3) at 9:44

Penalties :
Cody Eakin (LVK) for High sticking (Minor) at 3:10

2nd period

3. Las Vegas Golden Knights , Phil Kessel 13 (Nate Schmidt 9, Steven Stamkos 15) at 4:09
4. Los Angeles Kings , Jeff Carter 15 (Alec Martinez 9) at 12:23
5. Las Vegas Golden Knights , Cody Eakin 9 (Daniel Sedin 7, Kevin Connauton 6) at 16:25

Penalties :
No Penalty

3rd period

6. Los Angeles Kings , Alex Iafallo 3 (Oscar Fantenberg 3, Gustav Forsling 3) at 8:54
7. Las Vegas Golden Knights , David Perron 12 (William Karlsson 19, Pierre-Luc Dubois 9) at 10:28

Penalties :
No Penalty

Goalie Stats

Jonathan Quick (LAK), 36 saves from 39 shots - (0.923), W, 23-10-4, 60:00 minutes
J-F Berube (LVK), 30 saves from 34 shots - (0.882), L, 4-5-0, 59:00 minutes

Players Stats for Los Angeles Kings

Player Name              G  A  P  +/- PIM S  H  SB GA TA FO     MP     PP MP  PK MP  
------------------------------------------------------------------------------------
Adrian Kempe             1  0  1   2  0   4  2  1  0  0  0/1    14:45   0:00   0:00 
Alec Martinez            0  1  1   0  0   1  0  2  0  0  0/0    23:25   0:00   0:00 
Alex Iafallo             1  1  2   2  0   3  0  1  0  0  0/0    14:41   0:00   0:00 
Anze Kopitar             0  0  0  -1  0   3  3  1  0  0  10/15  17:40   0:20   0:00 
Derek Dorsett            0  0  0  -1  0   0  1  0  0  0  1/2    10:57   0:00   0:00 
Drew Doughty             0  1  1   0  0   2  0  3  0  0  0/0    23:38   0:00   0:00 
Dustin Brown             0  0  0  -1  0   5  3  1  1  1  1/4    17:33   0:20   0:00 
Gustav Forsling          0  1  1   2  0   0  1  0  0  0  0/0    15:02   0:35   0:00 
Jake Muzzin              0  1  1  -2  0   0  2  4  0  1  0/0    21:20   0:35   0:00 
Jeff Carter              1  1  2   0  0   6  0  0  0  1  10/14  17:40   0:15   0:00 
Marian Gaborik           0  0  0   0  0   1  2  0  2  0  0/1    17:29   0:15   0:00 
Nick Shore               0  0  0   2  0   1  0  1  0  1  5/9    14:19   0:00   0:00 
Oscar Fantenberg         0  1  1   2  0   0  3  0  0  0  0/0    14:24   0:00   0:00 
Oskar Sundqvist          0  0  0  -1  0   2  3  0  0  0  0/1    10:53   0:00   0:00 
Ryan Murphy              0  0  0  -2  0   1  1  1  0  1  0/0    20:47   0:00   0:00 
Tanner Pearson           1  0  1   0  0   2  2  1  1  1  1/1    17:30   0:15   0:00 
Trevor Lewis             0  0  0  -1  0   2  0  0  0  0  0/0    10:49   0:00   0:00 
Tyler Toffoli            0  0  0  -1  0   1  0  0  0  1  0/1    17:08   0:20   0:00 

Players Stats for Las Vegas Golden Knights

Player Name              G  A  P  +/- PIM S  H  SB GA TA FO     MP     PP MP  PK MP  
------------------------------------------------------------------------------------
Alex Tuch                0  0  0   0  0   1  1  0  1  0  0/0    14:28   0:00   0:00 
Brayden McNabb           0  0  0   0  0   2  2  1  1  1  0/0    23:03   0:00   0:00 
Cody Eakin               1  0  1   0  2   1  1  0  0  0  3/5    14:31   0:00   0:00 
Daniel Sedin             0  1  1   0  0   4  1  0  0  0  0/0    14:28   0:00   0:00 
David Perron             1  0  1   1  0   4  4  1  0  0  1/2    15:17   0:00   0:00 
Kevin Connauton          0  1  1   0  0   1  2  2  0  0  0/0    18:02   0:00   0:00 
Luca Sbisa               0  0  0  -1  0   1  1  0  0  0  0/0    17:33   0:00   0:35 
Marc Staal               0  0  0   1  0   1  1  4  0  0  0/0    23:48   0:00   0:00 
Nate Schmidt             0  1  1   0  0   1  0  4  0  0  0/0    18:52   0:00   0:35 
Oscar Lindberg           0  0  0  -1  0   0  3  1  0  0  3/5    11:25   0:00   0:15 
Pavel Zacha              0  0  0   0  0   2  4  0  0  2  0/0    19:09   0:00   0:13 
Phil Kessel              1  0  1   0  0   3  3  0  3  0  0/1    19:05   0:00   0:00 
Pierre-Luc Dubois        0  1  1   1  0   0  2  0  0  0  0/1    15:14   0:00   0:00 
Shea Theodore            0  0  0   0  0   2  0  0  0  0  0/0    17:43   0:00   0:00 
Steven Stamkos           0  1  1   0  0   6  0  1  1  0  4/14   19:05   0:00   0:00 
Tomas Nosek              0  0  0  -1  0   4  1  0  1  0  0/0    11:10   0:00   0:07 
Wade Megan               0  0  0  -1  0   0  0  0  0  0  0/0    10:43   0:00   0:07 
William Karlsson         0  1  1   1  0   6  4  0  0  1  10/21  15:48   0:00   0:28 

3 Stars

1 - Alex Iafallo (LAK)
2 - Adrian Kempe (LAK)
3 - David Perron (LVK)

Power Play

Los Angeles Kings - 1 on 1 Attempt(s) - 100.00%
Las Vegas Golden Knights - 0 on 0 Attempt(s) - 0.00%

Penalty Kill

Los Angeles Kings - 0 on 0 Attempt(s) - 0.00% - Score 0 goal in Penalty Kill
Las Vegas Golden Knights - 0 on 1 Attempt(s) - 0.00% - Score 0 goal in Penalty Kill

Team Stat

Los Angeles Kings - Hits : 23 - Faceoff Wins : 28 - Blocked Shots : 16 - Penalty Minutes : 0
Las Vegas Golden Knights - Hits : 30 - Faceoff Wins : 21 - Blocked Shots : 14 - Penalty Minutes : 2

Official

Referees : Garrett Rank and Kyle Rehman
Linesman : Shandor Alphonso and Lonnie Cameron

Game Notes

No Game Note

Finance

Level 1 -- Attendance: 10000 (100.00%) -- Ticket Income fr. 800'000
Level 2 -- Attendance: 1797 (89.85%) -- Ticket Income fr. 116'805
Level 3 -- Attendance: 3193 (91.23%) -- Ticket Income fr. 111'755
Level 4 -- Attendance: 1449 (99.93%) -- Ticket Income fr. 28'980
Luxury Box -- Attendance: 50 (100.00%) -- Ticket Income fr. 10'000
Game was played at the T-Mobile Arena.
Total Attendance: 16489 (96.99%)
Total Ticket Income: fr. 1'067'540
Total Income: fr. 1'067'540

Los Angeles Kings

5 vs 5 Forward 
   Center                   Left Wing                Right Wing               Time % Phy DF OF 
 1 Anze Kopitar             Dustin Brown             Tyler Toffoli            29     0   1  4  
 2 Jeff Carter              Tanner Pearson           Marian Gaborik           29     0   1  4  
 3 Nick Shore               Alex Iafallo             Adrian Kempe             24     0   2  3  
 4 Oskar Sundqvist          Trevor Lewis             Derek Dorsett            18     0   3  2  

5 vs 5 Defense 
   Defense                  Defense                                           Time % Phy DF OF 
 1 Drew Doughty             Alec Martinez                                     40     0   1  4  
 2 Jake Muzzin              Ryan Murphy                                       35     0   2  3  
 3 Gustav Forsling          Oscar Fantenberg                                  25     0   2  3  
 4 Ryan Murphy              Gustav Forsling                                   0      1   2  2  

PowerPlay Forward 
   Center                   Left Wing                Right Wing               Time % Phy DF OF 
 1 Anze Kopitar             Dustin Brown             Tyler Toffoli            50     0   1  4  
 2 Jeff Carter              Tanner Pearson           Marian Gaborik           50     0   1  4  

PowerPlay Defense
   Defense                  Defense                                           Time % Phy DF OF 
 1 Drew Doughty             Alec Martinez                                     50     0   1  4  
 2 Jake Muzzin              Gustav Forsling                                   50     0   1  4  

Penalty Kill 4 Players Forward 
   Center                   Wing                     Time % Phy DF OF 
 1 Nick Shore               Adrian Kempe             50     0   3  2  
 2 Oskar Sundqvist          Derek Dorsett            50     0   3  2  

Penalty Kill 4 Players Defense
   Defense                  Defense                  Time % Phy DF OF 
 1 Gustav Forsling          Ryan Murphy              50     0   3  2  
 2 Alec Martinez            Oscar Fantenberg         50     0   3  2  

Penalty Kill - 3 Players Forward 
   Forward                                           Time % Phy DF OF 
 1 Oskar Sundqvist                                   50     0   4  1  
 2 Nick Shore                                        50     0   4  1  

Penalty Kill - 3 Players Defense
   Defense                  Defense                  Time % Phy DF OF 
 1 Drew Doughty             Oscar Fantenberg         50     0   4  1  
 2 Ryan Murphy              Gustav Forsling          50     0   4  1  

4 vs 4 Forward 
   Center                   Wing                     Time % Phy DF OF 
 1 Adrian Kempe             Alex Iafallo             50     0   2  3  
 2 Nick Shore               Marian Gaborik           50     0   2  3  

4 vs 4 Defense
   Defense                  Defense                  Time % Phy DF OF 
 1 Drew Doughty             Alec Martinez            50     0   2  3  
 2 Gustav Forsling          Ryan Murphy              50     0   2  3  

Last Minutes Offensive
   Center                   Left Wing                Right Wing               Defense                  Defense                  
   Anze Kopitar             Dustin Brown             Marian Gaborik           Alec Martinez            Drew Doughty             

Last Minutes Defensive
   Center                   Left Wing                Right Wing               Defense                  Defense                  
   Nick Shore               Trevor Lewis             Derek Dorsett            Gustav Forsling          Oscar Fantenberg         

Goaltenders
Starting : Jonathan Quick           
Backup : Steve Mason              

Extra Forwards
Normal : Jeff Carter, Anze Kopitar, Dustin Brown - PP : Nick Shore, Alex Iafallo - PK : Nick Shore
Extra Defensemen
Normal : Gustav Forsling, Ryan Murphy, Oscar Fantenberg - PP : Alec Martinez - PK : Ryan Murphy, Gustav Forsling
Penalty Shots
Anze Kopitar, Adrian Kempe, Jeff Carter, Dustin Brown, Marian Gaborik
Custom OT Lines Forwards
Anze Kopitar, Dustin Brown, Tyler Toffoli, Marian Gaborik, Jeff Carter, Tanner Pearson, Adrian Kempe, Alex Iafallo, Trevor Lewis, Nick Shore
Custom OT Lines Defensemen
Drew Doughty, Oscar Fantenberg, Ryan Murphy, Alec Martinez, Gustav Forsling

Scratches
Andy Andreoff (Healthy), Kyle Clifford (Healthy), Jonny Brodzinski (Healthy)

Las Vegas Golden Knights

5 vs 5 Forward 
   Center                   Left Wing                Right Wing               Time % Phy DF OF 
 1 Steven Stamkos           Pavel Zacha              Phil Kessel              31     0   2  3  
 2 William Karlsson         David Perron             Pierre-Luc Dubois        29     0   3  2  
 3 Cody Eakin               Daniel Sedin             Alex Tuch                25     0   3  2  
 4 Oscar Lindberg           Wade Megan               Tomas Nosek              15     0   4  1  

5 vs 5 Defense 
   Defense                  Defense                                           Time % Phy DF OF 
 1 Marc Staal               Shea Theodore                                     30     0   3  2  
 2 Brayden McNabb           Luca Sbisa                                        30     0   3  2  
 3 Nate Schmidt             Kevin Connauton                                   25     0   3  2  
 4 Brayden McNabb           Marc Staal                                        15     0   3  2  

PowerPlay Forward 
   Center                   Left Wing                Right Wing               Time % Phy DF OF 
 1 William Karlsson         Alex Tuch                Phil Kessel              50     0   1  4  
 2 Steven Stamkos           David Perron             Pierre-Luc Dubois        50     0   1  4  

PowerPlay Defense
   Defense                  Defense                                           Time % Phy DF OF 
 1 Nate Schmidt             Kevin Connauton                                   50     0   2  3  
 2 Shea Theodore            Luca Sbisa                                        50     0   2  3  

Penalty Kill 4 Players Forward 
   Center                   Wing                     Time % Phy DF OF 
 1 Wade Megan               Tomas Nosek              50     0   4  1  
 2 Cody Eakin               William Karlsson         50     0   4  1  

Penalty Kill 4 Players Defense
   Defense                  Defense                  Time % Phy DF OF 
 1 Brayden McNabb           Marc Staal               50     0   4  1  
 2 Luca Sbisa               Nate Schmidt             50     0   4  1  

Penalty Kill - 3 Players Forward 
   Forward                                           Time % Phy DF OF 
 1 William Karlsson                                  50     0   5  0  
 2 Wade Megan                                        50     0   5  0  

Penalty Kill - 3 Players Defense
   Defense                  Defense                  Time % Phy DF OF 
 1 Marc Staal               Brayden McNabb           50     1   4  0  
 2 Luca Sbisa               Kevin Connauton          50     1   4  0  

4 vs 4 Forward 
   Center                   Wing                     Time % Phy DF OF 
 1 Cody Eakin               Daniel Sedin             50     0   2  3  
 2 Pierre-Luc Dubois        Alex Tuch                50     0   2  3  

4 vs 4 Defense
   Defense                  Defense                  Time % Phy DF OF 
 1 Shea Theodore            Nate Schmidt             50     0   3  2  
 2 Marc Staal               Kevin Connauton          50     0   3  2  

Last Minutes Offensive
   Center                   Left Wing                Right Wing               Defense                  Defense                  
   Steven Stamkos           William Karlsson         Phil Kessel              Kevin Connauton          Shea Theodore            

Last Minutes Defensive
   Center                   Left Wing                Right Wing               Defense                  Defense                  
   Cody Eakin               William Karlsson         Wade Megan               Brayden McNabb           Luca Sbisa               

Goaltenders
Starting : J-F Berube               
Backup : Marc-Andre Fleury        

Extra Forwards
Normal : Steven Stamkos, Phil Kessel, Pierre-Luc Dubois - PP : William Karlsson, Pavel Zacha - PK : Oscar Lindberg
Extra Defensemen
Normal : Luca Sbisa, Nate Schmidt, Kevin Connauton - PP : Shea Theodore - PK : Kevin Connauton, Marc Staal
Penalty Shots
Steven Stamkos, William Karlsson, Phil Kessel, Alex Tuch, David Perron
Custom OT Lines Forwards
Steven Stamkos, William Karlsson, Phil Kessel, Pierre-Luc Dubois, David Perron, Cody Eakin, Pavel Zacha, Alex Tuch, Daniel Sedin, Tomas Nosek
Custom OT Lines Defensemen
Luca Sbisa, Nate Schmidt, Shea Theodore, Marc Staal, Brayden McNabb

Scratches
None


% Time on Ice - Los Angeles Kings

Lines # - Real PCT - Wanted PCT - Time Play
Normal Forward
1 - 28% - 29% - 16:40
2 - 30% - 29% - 18:00
3 - 23% - 24% - 13:57
4 - 18% - 18% - 10:48
Normal Defense
1 - 38% - 40% - 22:29
2 - 35% - 35% - 20:53
3 - 26% - 25% - 15:43
4 - 1% - 0% - 0:20
PP Forward
1 - 57% - 50% - 0:20
2 - 43% - 50% - 0:15
PP Defense
1 - 0% - 50% - 0:00
2 - 100% - 50% - 0:35
PK Forward
1 - 0% - 50%
2 - 0% - 50%
PK Defense
1 - 0% - 50%
2 - 0% - 50%
PK3 Forward
1 - 0% - 50%
2 - 0% - 50%
PK3 Defense
1 - 0% - 50%
2 - 0% - 50%
44 Forward
1 - 0% - 50%
2 - 0% - 50%
44 Defense
1 - 0% - 50%
2 - 0% - 50%
Last Minute Offensive  - 0:00
Last Minute Defensive  - 0:00
Total
Forward - 60:00
Defense - 60:00

% Time on Ice - Las Vegas Golden Knights

Lines # - Real PCT - Wanted PCT - Time Play
Normal Forward
1 - 32% - 31% - 19:05
2 - 26% - 29% - 15:29
3 - 24% - 25% - 14:19
4 - 18% - 15% - 10:32
Normal Defense
1 - 30% - 30% - 17:43
2 - 28% - 30% - 16:22
3 - 30% - 25% - 17:53
4 - 13% - 15% - 7:27
PP Forward
1 - 0% - 50%
2 - 0% - 50%
PP Defense
1 - 0% - 50%
2 - 0% - 50%
PK Forward
1 - 20% - 50% - 0:07
2 - 80% - 50% - 0:28
PK Defense
1 - 0% - 50% - 0:00
2 - 100% - 50% - 0:35
PK3 Forward
1 - 0% - 50%
2 - 0% - 50%
PK3 Defense
1 - 0% - 50%
2 - 0% - 50%
44 Forward
1 - 0% - 50%
2 - 0% - 50%
44 Defense
1 - 0% - 50%
2 - 0% - 50%
Last Minute Offensive  - 0:00
Last Minute Defensive  - 0:00
Total
Forward - 60:00
Defense - 60:00

Play-by-Play

1st period


0:01 of 1st period - Anze Kopitar wins face-off versus Steven Stamkos in neutral zone.
0:16 of 1st period - Dustin Brown is hit by Pavel Zacha and loses puck.
0:31 of 1st period - Wrist shot by William Karlsson.
0:31 of 1st period - Deflect By Drew Doughty.
0:31 of 1st period - Stopped by Jonathan Quick without a rebound.
0:32 of 1st period - William Karlsson wins face-off versus Marian Gaborik in Los Angeles Kings zone.
1:05 of 1st period - Snap shot by Daniel Sedin.
1:05 of 1st period - Stopped by Jonathan Quick with a rebound.
2:24 of 1st period - Wrist shot by Tomas Nosek.
2:24 of 1st period - Stopped by Jonathan Quick with a rebound.
2:26 of 1st period - Slapshot by Brayden McNabb.
2:26 of 1st period - Stopped by Jonathan Quick without a rebound.
2:27 of 1st period - Jeff Carter wins face-off versus Phil Kessel in Los Angeles Kings zone.
2:54 of 1st period - Alex Tuch is hit by Oskar Sundqvist.
2:58 of 1st period - Slapshot by Drew Doughty.
2:58 of 1st period - Shot Misses the Net.
3:00 of 1st period - Wrist shot by Oskar Sundqvist.
3:00 of 1st period - Stopped by J-F Berube with a rebound.
3:10 of 1st period - Minor Penalty to Cody Eakin for High sticking.
3:11 of 1st period - Oscar Lindberg wins face-off versus Anze Kopitar in Las Vegas Golden Knights zone.
3:11 of 1st period - Oscar Lindberg is hit by Jake Muzzin.
3:45 of 1st period - Snap shot by Tanner Pearson.
3:45 of 1st period - Goal by Tanner Pearson - Los Angeles Kings : 1 - Las Vegas Golden Knights : 0.
3:46 of 1st period - William Karlsson wins face-off versus Dustin Brown in neutral zone.
3:49 of 1st period - Jake Muzzin is hit by William Karlsson and loses puck.
3:58 of 1st period - Brayden McNabb is hit by Anze Kopitar and loses puck.
4:36 of 1st period - Wrist shot by Daniel Sedin.
4:36 of 1st period - Stopped by Jonathan Quick with a rebound.
5:35 of 1st period - Jeff Carter is hit by William Karlsson and loses puck.
5:44 of 1st period - Wrist shot by William Karlsson.
5:44 of 1st period - Shot Misses the Net.
5:46 of 1st period - Slapshot by Brayden McNabb.
5:46 of 1st period - Stopped by Jonathan Quick with a rebound.
5:48 of 1st period - Slapshot by William Karlsson.
5:48 of 1st period - Shot Misses the Net.
5:50 of 1st period - Slapshot by Luca Sbisa.
5:50 of 1st period - Shot Misses the Net.
5:52 of 1st period - Wrist shot by William Karlsson.
5:52 of 1st period - Shot Blocked by Tanner Pearson.
5:54 of 1st period - Slapshot by William Karlsson.
5:54 of 1st period - Deflect By David Perron.
5:54 of 1st period - Shot Blocked by Ryan Murphy.
5:54 of 1st period - Puck is out of play.
5:55 of 1st period - Anze Kopitar wins face-off versus Steven Stamkos in Los Angeles Kings zone.
6:26 of 1st period - Backhand shot by Daniel Sedin.
6:26 of 1st period - Shot Blocked by Drew Doughty.
6:28 of 1st period - Snap shot by Luca Sbisa.
6:28 of 1st period - Shot Blocked by Alec Martinez.
6:42 of 1st period - Slapshot by Kevin Connauton.
6:42 of 1st period - Stopped by Jonathan Quick with a rebound.
6:54 of 1st period - Wrist shot by Alec Martinez.
6:54 of 1st period - Stopped by J-F Berube with a rebound.
7:25 of 1st period - Wrist shot by Alex Iafallo.
7:25 of 1st period - Deflect By Adrian Kempe.
7:25 of 1st period - Stopped by J-F Berube with a rebound.
7:45 of 1st period - Snap shot by Adrian Kempe.
7:45 of 1st period - Stopped by J-F Berube with a rebound.
7:47 of 1st period - Slapshot by Alec Martinez.
7:47 of 1st period - Shot Hit the Post.
7:57 of 1st period - Snap shot by Alex Iafallo.
7:57 of 1st period - Shot Misses the Net.
8:26 of 1st period - Slapshot by Drew Doughty.
8:26 of 1st period - Shot Blocked by Nate Schmidt.
8:30 of 1st period - Slapshot by Drew Doughty.
8:30 of 1st period - Stopped by J-F Berube with a rebound.
8:32 of 1st period - Slapshot by Alec Martinez.
8:32 of 1st period - Shot Misses the Net.
9:14 of 1st period - Snap shot by Drew Doughty.
9:14 of 1st period - Shot Blocked by Nate Schmidt.
9:16 of 1st period - Snap shot by Drew Doughty.
9:16 of 1st period - Shot Misses the Net.
9:44 of 1st period - Slapshot by Adrian Kempe.
9:44 of 1st period - Goal by Adrian Kempe - Los Angeles Kings : 2 - Las Vegas Golden Knights : 0.
9:45 of 1st period - Anze Kopitar wins face-off versus Steven Stamkos in neutral zone.
9:56 of 1st period - Wrist shot by Dustin Brown.
9:56 of 1st period - Stopped by J-F Berube without a rebound.
9:57 of 1st period - Tanner Pearson wins face-off versus Steven Stamkos in Las Vegas Golden Knights zone.
10:06 of 1st period - Slapshot by Jeff Carter.
10:06 of 1st period - Shot Misses the Net.
10:18 of 1st period - Marc Staal is hit by Jake Muzzin and loses puck.
10:25 of 1st period - Jake Muzzin is hit by Phil Kessel and loses puck.
10:32 of 1st period - Wrist shot by Steven Stamkos.
10:32 of 1st period - Shot Blocked by Jake Muzzin.
10:34 of 1st period - Snap shot by Shea Theodore.
10:34 of 1st period - Shot Misses the Net.
10:38 of 1st period - Wrist shot by Phil Kessel.
10:38 of 1st period - Shot Misses the Net.
10:40 of 1st period - Wrist shot by Phil Kessel.
10:40 of 1st period - Shot Blocked by Jake Muzzin.
10:42 of 1st period - Snap shot by Marc Staal.
10:42 of 1st period - Shot Misses the Net.
10:44 of 1st period - Slapshot by Shea Theodore.
10:44 of 1st period - Stopped by Jonathan Quick with a rebound.
10:46 of 1st period - Snap shot by Steven Stamkos.
10:46 of 1st period - Stopped by Jonathan Quick with a rebound.
10:48 of 1st period - Snap shot by Marc Staal.
10:48 of 1st period - Stopped by Jonathan Quick with a rebound.
10:50 of 1st period - Snap shot by Marc Staal.
10:50 of 1st period - Shot Misses the Net.
11:28 of 1st period - Wrist shot by Steven Stamkos.
11:28 of 1st period - Stopped by Jonathan Quick with a rebound.
11:36 of 1st period - Slapshot by Pavel Zacha.
11:36 of 1st period - Stopped by Jonathan Quick without a rebound.
11:37 of 1st period - William Karlsson wins face-off versus Tyler Toffoli in Los Angeles Kings zone.
12:40 of 1st period - Derek Dorsett is hit by David Perron and loses puck.
12:50 of 1st period - Wrist shot by Oscar Lindberg.
12:50 of 1st period - Shot Blocked by Dustin Brown.
12:58 of 1st period - Snap shot by William Karlsson.
12:58 of 1st period - Shot Blocked by Anze Kopitar.
13:00 of 1st period - Snap shot by Pierre-Luc Dubois.
13:00 of 1st period - Shot Misses the Net.
13:02 of 1st period - Slapshot by Tomas Nosek.
13:02 of 1st period - Stopped by Jonathan Quick without a rebound.
13:03 of 1st period - Anze Kopitar wins face-off versus Cody Eakin in Los Angeles Kings zone.
13:08 of 1st period - Tomas Nosek is hit by Anze Kopitar and loses puck.
16:50 of 1st period - Icing by Luca Sbisa.
16:51 of 1st period - Cody Eakin wins face-off versus Jeff Carter in Las Vegas Golden Knights zone.
17:08 of 1st period - Tyler Toffoli is hit by Oscar Lindberg and loses puck.
17:44 of 1st period - Marian Gaborik is hit by Brayden McNabb and loses puck.
17:55 of 1st period - Marian Gaborik is hit by Kevin Connauton and loses puck.
18:09 of 1st period - Icing by Shea Theodore.
18:10 of 1st period - Anze Kopitar wins face-off versus William Karlsson in Las Vegas Golden Knights zone.
19:14 of 1st period - Alex Iafallo is hit by David Perron and loses puck.
Goals for this period are 2 for Los Angeles Kings vs 0 for Las Vegas Golden Knights.
Shots for this period are 8 for Los Angeles Kings vs 13 for Las Vegas Golden Knights.

2nd period


0:01 of 2nd period - William Karlsson wins face-off versus Anze Kopitar in neutral zone.
0:04 of 2nd period - Snap shot by Pierre-Luc Dubois.
0:04 of 2nd period - Shot Misses the Net.
0:06 of 2nd period - Slapshot by William Karlsson.
0:06 of 2nd period - Stopped by Jonathan Quick with a rebound.
0:08 of 2nd period - Wrist shot by William Karlsson.
0:08 of 2nd period - Stopped by Jonathan Quick with a rebound.
0:10 of 2nd period - Snap shot by William Karlsson.
0:10 of 2nd period - Stopped by Jonathan Quick without a rebound.
0:11 of 2nd period - Dustin Brown wins face-off versus Steven Stamkos in Los Angeles Kings zone.
0:11 of 2nd period - Dustin Brown is hit by Pavel Zacha.
0:25 of 2nd period - Snap shot by Anze Kopitar.
0:25 of 2nd period - Shot Blocked by Steven Stamkos.
0:27 of 2nd period - Snap shot by Ryan Murphy.
0:27 of 2nd period - Deflect By Anze Kopitar.
0:27 of 2nd period - Stopped by J-F Berube with a rebound.
0:37 of 2nd period - Steven Stamkos is hit by Marian Gaborik and loses puck.
0:50 of 2nd period - Backhand shot by Steven Stamkos.
0:50 of 2nd period - Shot Misses the Net.
1:04 of 2nd period - Wrist shot by Trevor Lewis.
1:04 of 2nd period - Shot Blocked by Brayden McNabb.
1:25 of 2nd period - Alex Tuch is hit by Adrian Kempe and loses puck.
1:46 of 2nd period - Slapshot by Dustin Brown.
1:46 of 2nd period - Deflect By Anze Kopitar.
1:46 of 2nd period - Shot Misses the Net.
1:46 of 2nd period - Puck is out of play.
1:47 of 2nd period - Anze Kopitar wins face-off versus Oscar Lindberg in Las Vegas Golden Knights zone.
1:50 of 2nd period - Wrist shot by Anze Kopitar.
1:50 of 2nd period - Stopped by J-F Berube with a rebound.
3:49 of 2nd period - Snap shot by Phil Kessel.
3:49 of 2nd period - Stopped by Jonathan Quick with a rebound.
3:51 of 2nd period - Wrist shot by Phil Kessel.
3:51 of 2nd period - Shot Misses the Net.
3:53 of 2nd period - Slapshot by Phil Kessel.
3:53 of 2nd period - Shot Blocked by Jake Muzzin.
4:07 of 2nd period - Snap shot by Phil Kessel.
4:07 of 2nd period - Stopped by Jonathan Quick with a rebound.
4:09 of 2nd period - Slapshot by Nate Schmidt.
4:09 of 2nd period - Deflect By Phil Kessel.
4:09 of 2nd period - Goal by Phil Kessel - Los Angeles Kings : 2 - Las Vegas Golden Knights : 1.
4:10 of 2nd period - Jeff Carter wins face-off versus William Karlsson in neutral zone.
4:24 of 2nd period - Wrist shot by Jeff Carter.
4:24 of 2nd period - Shot Misses the Net.
4:34 of 2nd period - Cody Eakin is hit by Oskar Sundqvist and loses puck.
4:53 of 2nd period - Snap shot by Tomas Nosek.
4:53 of 2nd period - Shot Blocked by Nick Shore.
4:55 of 2nd period - Snap shot by Marc Staal.
4:55 of 2nd period - Shot Blocked by Alex Iafallo.
4:57 of 2nd period - Snap shot by Wade Megan.
4:57 of 2nd period - Shot Misses the Net.
5:13 of 2nd period - Gustav Forsling is hit by David Perron and loses puck.
5:30 of 2nd period - Snap shot by Dustin Brown.
5:30 of 2nd period - Stopped by J-F Berube without a rebound.
5:31 of 2nd period - Oscar Lindberg wins face-off versus Dustin Brown in Las Vegas Golden Knights zone.
5:36 of 2nd period - Wade Megan is hit by Dustin Brown and loses puck.
5:47 of 2nd period - Tyler Toffoli is hit by Oscar Lindberg and loses puck.
6:08 of 2nd period - Snap shot by David Perron.
6:08 of 2nd period - Stopped by Jonathan Quick with a rebound.
6:28 of 2nd period - Jeff Carter is hit by Cody Eakin and loses puck.
6:45 of 2nd period - Wrist shot by Alex Iafallo.
6:45 of 2nd period - Stopped by J-F Berube with a rebound.
6:57 of 2nd period - Anze Kopitar is hit by Oscar Lindberg and loses puck.
7:02 of 2nd period - Slapshot by Tomas Nosek.
7:02 of 2nd period - Stopped by Jonathan Quick without a rebound.
7:03 of 2nd period - Jeff Carter wins face-off versus William Karlsson in Los Angeles Kings zone.
7:03 of 2nd period - Jeff Carter is hit by Brayden McNabb.
7:13 of 2nd period - Snap shot by Jeff Carter.
7:13 of 2nd period - Stopped by J-F Berube without a rebound.
7:14 of 2nd period - Anze Kopitar wins face-off versus William Karlsson in Las Vegas Golden Knights zone.
7:50 of 2nd period - Drew Doughty is hit by Phil Kessel and loses puck.
8:31 of 2nd period - Snap shot by Daniel Sedin.
8:31 of 2nd period - Stopped by Jonathan Quick with a rebound.
8:33 of 2nd period - Slapshot by Shea Theodore.
8:33 of 2nd period - Stopped by Jonathan Quick with a rebound.
8:43 of 2nd period - Kevin Connauton is hit by Anze Kopitar and loses puck.
8:50 of 2nd period - Snap shot by David Perron.
8:50 of 2nd period - Stopped by Jonathan Quick with a rebound.
8:52 of 2nd period - Snap shot by David Perron.
8:52 of 2nd period - Shot Misses the Net.
9:02 of 2nd period - Adrian Kempe is hit by Pavel Zacha and loses puck.
9:27 of 2nd period - Wrist shot by Jeff Carter.
9:27 of 2nd period - Stopped by J-F Berube with a rebound.
9:29 of 2nd period - Snap shot by Marian Gaborik.
9:29 of 2nd period - Stopped by J-F Berube without a rebound.
9:30 of 2nd period - William Karlsson wins face-off versus Dustin Brown in Las Vegas Golden Knights zone.
9:36 of 2nd period - Wrist shot by Anze Kopitar.
9:36 of 2nd period - Shot Misses the Net.
9:38 of 2nd period - Snap shot by Dustin Brown.
9:38 of 2nd period - Stopped by J-F Berube with a rebound.
9:40 of 2nd period - Wrist shot by Anze Kopitar.
9:40 of 2nd period - Shot Misses the Net.
9:42 of 2nd period - Slapshot by Dustin Brown.
9:42 of 2nd period - Stopped by J-F Berube without a rebound.
9:43 of 2nd period - Jeff Carter wins face-off versus David Perron in Las Vegas Golden Knights zone.
10:10 of 2nd period - Brayden McNabb is hit by Derek Dorsett and loses puck.
11:03 of 2nd period - Snap shot by Adrian Kempe.
11:03 of 2nd period - Shot Misses the Net.
11:19 of 2nd period - Snap shot by Jeff Carter.
11:19 of 2nd period - Stopped by J-F Berube with a rebound.
11:41 of 2nd period - Pavel Zacha is hit by Oscar Fantenberg and loses puck.
12:18 of 2nd period - Luca Sbisa is hit by Tanner Pearson and loses puck.
12:23 of 2nd period - Wrist shot by Jeff Carter.
12:23 of 2nd period - Goal by Jeff Carter - Los Angeles Kings : 3 - Las Vegas Golden Knights : 1.
12:24 of 2nd period - William Karlsson wins face-off versus Anze Kopitar in neutral zone.
12:35 of 2nd period - Snap shot by David Perron.
12:35 of 2nd period - Stopped by Jonathan Quick without a rebound.
12:36 of 2nd period - Anze Kopitar wins face-off versus Steven Stamkos in Los Angeles Kings zone.
13:01 of 2nd period - Drew Doughty is hit by William Karlsson and loses puck.
13:20 of 2nd period - Snap shot by Alex Tuch.
13:20 of 2nd period - Stopped by Jonathan Quick without a rebound.
13:21 of 2nd period - Nick Shore wins face-off versus Cody Eakin in Los Angeles Kings zone.
14:02 of 2nd period - Icing by Steven Stamkos.
14:03 of 2nd period - Jeff Carter wins face-off versus Steven Stamkos in Las Vegas Golden Knights zone.
14:04 of 2nd period - Snap shot by Tanner Pearson.
14:04 of 2nd period - Stopped by J-F Berube with a rebound.
14:50 of 2nd period - Backhand shot by Drew Doughty.
14:50 of 2nd period - Shot Misses the Net.
15:05 of 2nd period - Icing by Anze Kopitar.
15:06 of 2nd period - Nick Shore wins face-off versus Oscar Lindberg in Los Angeles Kings zone.
15:06 of 2nd period - Nick Shore is hit by Kevin Connauton.
15:32 of 2nd period - Dustin Brown is hit by Pierre-Luc Dubois and loses puck.
16:07 of 2nd period - Drew Doughty is hit by Phil Kessel and loses puck.
16:18 of 2nd period - Alec Martinez is hit by Daniel Sedin and loses puck.
16:23 of 2nd period - Wrist shot by Daniel Sedin.
16:23 of 2nd period - Shot Blocked by Alec Martinez.
16:25 of 2nd period - Backhand shot by Cody Eakin.
16:25 of 2nd period - Goal by Cody Eakin - Los Angeles Kings : 3 - Las Vegas Golden Knights : 2.
16:26 of 2nd period - Anze Kopitar wins face-off versus William Karlsson in neutral zone.
17:58 of 2nd period - Off-side.
17:59 of 2nd period - William Karlsson wins face-off versus Anze Kopitar in neutral zone.
18:02 of 2nd period - Anze Kopitar is hit by Pierre-Luc Dubois and loses puck.
18:11 of 2nd period - Pierre-Luc Dubois is hit by Ryan Murphy and loses puck.
18:24 of 2nd period - Jake Muzzin is hit by Alex Tuch and loses puck.
18:31 of 2nd period - Snap shot by Anze Kopitar.
18:31 of 2nd period - Stopped by J-F Berube with a rebound.
18:41 of 2nd period - Cody Eakin is hit by Dustin Brown.
19:02 of 2nd period - Wrist shot by Daniel Sedin.
19:02 of 2nd period - Stopped by Jonathan Quick with a rebound.
19:20 of 2nd period - Snap shot by Tyler Toffoli.
19:20 of 2nd period - Stopped by J-F Berube without a rebound.
19:21 of 2nd period - David Perron wins face-off versus Nick Shore in Las Vegas Golden Knights zone.
19:47 of 2nd period - Marian Gaborik is hit by Luca Sbisa and loses puck.
Goals for this period are 1 for Los Angeles Kings vs 2 for Las Vegas Golden Knights.
Shots for this period are 14 for Los Angeles Kings vs 15 for Las Vegas Golden Knights.

3rd period


0:01 of 3rd period - Jeff Carter wins face-off versus Steven Stamkos in neutral zone.
0:24 of 3rd period - David Perron is hit by Adrian Kempe and loses puck.
1:07 of 3rd period - Wrist shot by Steven Stamkos.
1:07 of 3rd period - Shot Blocked by Drew Doughty.
1:10 of 3rd period - Icing by Drew Doughty.
1:11 of 3rd period - Steven Stamkos wins face-off versus Anze Kopitar in Los Angeles Kings zone.
1:22 of 3rd period - Slapshot by Drew Doughty.
1:22 of 3rd period - Deflect By Tyler Toffoli.
1:22 of 3rd period - Shot Blocked by Kevin Connauton.
1:22 of 3rd period - Puck is out of play.
1:23 of 3rd period - Jeff Carter wins face-off versus Pierre-Luc Dubois in Las Vegas Golden Knights zone.
1:58 of 3rd period - Snap shot by Cody Eakin.
1:58 of 3rd period - Shot Blocked by Jake Muzzin.
2:18 of 3rd period - Snap shot by Jeff Carter.
2:18 of 3rd period - Stopped by J-F Berube with a rebound.
2:32 of 3rd period - Slapshot by Jake Muzzin.
2:32 of 3rd period - Shot Misses the Net.
2:34 of 3rd period - Slapshot by Oskar Sundqvist.
2:34 of 3rd period - Stopped by J-F Berube with a rebound.
2:36 of 3rd period - Wrist shot by Trevor Lewis.
2:36 of 3rd period - Stopped by J-F Berube without a rebound.
2:37 of 3rd period - Derek Dorsett wins face-off versus William Karlsson in Las Vegas Golden Knights zone.
2:55 of 3rd period - Trevor Lewis is hit by David Perron and loses puck.
3:32 of 3rd period - Dustin Brown is hit by Marc Staal and loses puck.
4:12 of 3rd period - Wrist shot by Adrian Kempe.
4:12 of 3rd period - Shot Blocked by Marc Staal.
4:14 of 3rd period - Slapshot by Oscar Fantenberg.
4:14 of 3rd period - Shot Misses the Net.
4:32 of 3rd period - Oscar Lindberg is hit by Gustav Forsling and loses puck.
4:40 of 3rd period - Icing by Wade Megan.
4:41 of 3rd period - Oscar Lindberg wins face-off versus Derek Dorsett in Las Vegas Golden Knights zone.
5:28 of 3rd period - Phil Kessel is hit by Oscar Fantenberg.
5:32 of 3rd period - Slapshot by Luca Sbisa.
5:32 of 3rd period - Stopped by Jonathan Quick without a rebound.
5:33 of 3rd period - William Karlsson wins face-off versus Jeff Carter in Los Angeles Kings zone.
5:42 of 3rd period - Snap shot by William Karlsson.
5:42 of 3rd period - Stopped by Jonathan Quick without a rebound.
5:43 of 3rd period - Nick Shore wins face-off versus William Karlsson in Los Angeles Kings zone.
5:48 of 3rd period - Slapshot by Drew Doughty.
5:48 of 3rd period - Deflect By David Perron.
5:48 of 3rd period - Stopped by J-F Berube without a rebound.
5:49 of 3rd period - Steven Stamkos wins face-off versus Nick Shore in Las Vegas Golden Knights zone.
6:02 of 3rd period - Wrist shot by Steven Stamkos.
6:02 of 3rd period - Stopped by Jonathan Quick with a rebound.
6:04 of 3rd period - Wrist shot by Steven Stamkos.
6:04 of 3rd period - Stopped by Jonathan Quick with a rebound.
6:14 of 3rd period - Marian Gaborik is hit by William Karlsson and loses puck.
6:40 of 3rd period - Daniel Sedin is hit by Dustin Brown and loses puck.
7:32 of 3rd period - Shea Theodore is hit by Marian Gaborik and loses puck.
7:37 of 3rd period - Backhand shot by Tanner Pearson.
7:37 of 3rd period - Shot Blocked by Marc Staal.
7:48 of 3rd period - Icing by Marc Staal.
7:49 of 3rd period - Anze Kopitar wins face-off versus William Karlsson in Las Vegas Golden Knights zone.
8:52 of 3rd period - Slapshot by Oscar Fantenberg.
8:52 of 3rd period - Shot Blocked by Kevin Connauton.
8:54 of 3rd period - Snap shot by Alex Iafallo.
8:54 of 3rd period - Goal by Alex Iafallo - Los Angeles Kings : 4 - Las Vegas Golden Knights : 2.
8:55 of 3rd period - Nick Shore wins face-off versus William Karlsson in neutral zone.
8:58 of 3rd period - Wrist shot by Alex Iafallo.
8:58 of 3rd period - Stopped by J-F Berube with a rebound.
9:00 of 3rd period - Slapshot by Ryan Murphy.
9:00 of 3rd period - Shot Blocked by David Perron.
9:02 of 3rd period - Slapshot by Ryan Murphy.
9:02 of 3rd period - Stopped by J-F Berube with a rebound.
9:04 of 3rd period - Slapshot by Alex Iafallo.
9:04 of 3rd period - Shot Blocked by Marc Staal.
9:06 of 3rd period - Slapshot by Jake Muzzin.
9:06 of 3rd period - Shot Misses the Net.
9:08 of 3rd period - Snap shot by Adrian Kempe.
9:08 of 3rd period - Stopped by J-F Berube without a rebound.
9:09 of 3rd period - Steven Stamkos wins face-off versus Jeff Carter in Las Vegas Golden Knights zone.
9:17 of 3rd period - Off-side.
9:18 of 3rd period - Jeff Carter wins face-off versus Steven Stamkos in neutral zone.
10:18 of 3rd period - Icing by Jake Muzzin.
10:19 of 3rd period - Jeff Carter wins face-off versus William Karlsson in Los Angeles Kings zone.
10:26 of 3rd period - Wrist shot by William Karlsson.
10:26 of 3rd period - Shot Misses the Net.
10:28 of 3rd period - Slapshot by David Perron.
10:28 of 3rd period - Goal by David Perron - Los Angeles Kings : 4 - Las Vegas Golden Knights : 3.
10:29 of 3rd period - William Karlsson wins face-off versus Nick Shore in neutral zone.
10:38 of 3rd period - Slapshot by David Perron.
10:38 of 3rd period - Shot Misses the Net.
10:40 of 3rd period - Slapshot by Luca Sbisa.
10:40 of 3rd period - Shot Blocked by Drew Doughty.
10:42 of 3rd period - Snap shot by Brayden McNabb.
10:42 of 3rd period - Shot Blocked by Adrian Kempe.
10:44 of 3rd period - Snap shot by William Karlsson.
10:44 of 3rd period - Shot Misses the Net.
10:59 of 3rd period - Snap shot by Daniel Sedin.
10:59 of 3rd period - Shot Misses the Net.
13:18 of 3rd period - Snap shot by Nick Shore.
13:18 of 3rd period - Stopped by J-F Berube without a rebound.
13:19 of 3rd period - Nick Shore wins face-off versus William Karlsson in Las Vegas Golden Knights zone.
13:22 of 3rd period - Snap shot by Alex Iafallo.
13:22 of 3rd period - Shot Blocked by Nate Schmidt.
13:53 of 3rd period - Snap shot by Dustin Brown.
13:53 of 3rd period - Shot Blocked by Nate Schmidt.
13:55 of 3rd period - Snap shot by Dustin Brown.
13:55 of 3rd period - Stopped by J-F Berube without a rebound.
13:56 of 3rd period - Jeff Carter wins face-off versus Steven Stamkos in Las Vegas Golden Knights zone.
14:01 of 3rd period - Snap shot by Jeff Carter.
14:01 of 3rd period - Stopped by J-F Berube without a rebound.
14:02 of 3rd period - Steven Stamkos wins face-off versus Jeff Carter in Las Vegas Golden Knights zone.
14:08 of 3rd period - Snap shot by Pavel Zacha.
14:08 of 3rd period - Stopped by Jonathan Quick with a rebound.
14:10 of 3rd period - Snap shot by Phil Kessel.
14:10 of 3rd period - Shot Misses the Net.
14:12 of 3rd period - Snap shot by Steven Stamkos.
14:12 of 3rd period - Stopped by Jonathan Quick without a rebound.
14:13 of 3rd period - William Karlsson wins face-off versus Adrian Kempe in Los Angeles Kings zone.
14:37 of 3rd period - Daniel Sedin is hit by Oskar Sundqvist and loses puck.
15:03 of 3rd period - Alec Martinez is hit by Pavel Zacha and loses puck.
15:22 of 3rd period - Slapshot by Drew Doughty.
15:22 of 3rd period - Shot Blocked by Oscar Lindberg.
15:30 of 3rd period - Snap shot by Jeff Carter.
15:30 of 3rd period - Shot Misses the Net.
15:32 of 3rd period - Wrist shot by Marian Gaborik.
15:32 of 3rd period - Shot Misses the Net.
15:52 of 3rd period - Wrist shot by William Karlsson.
15:52 of 3rd period - Stopped by Jonathan Quick without a rebound.
15:53 of 3rd period - Cody Eakin wins face-off versus Oskar Sundqvist in Los Angeles Kings zone.
16:26 of 3rd period - Phil Kessel is hit by Oscar Fantenberg and loses puck.
17:44 of 3rd period - Jake Muzzin is hit by Tomas Nosek and loses puck.
17:51 of 3rd period - Snap shot by Tomas Nosek.
17:51 of 3rd period - Stopped by Jonathan Quick with a rebound.
17:53 of 3rd period - Snap shot by Kevin Connauton.
17:53 of 3rd period - Shot Misses the Net.
17:55 of 3rd period - Slapshot by Nate Schmidt.
17:55 of 3rd period - Stopped by Jonathan Quick without a rebound.
17:56 of 3rd period - Cody Eakin wins face-off versus Nick Shore in Los Angeles Kings zone.
18:28 of 3rd period - Slapshot by Trevor Lewis.
18:28 of 3rd period - Shot Blocked by Marc Staal.
18:30 of 3rd period - Slapshot by Oskar Sundqvist.
18:30 of 3rd period - Shot Misses the Net.
18:32 of 3rd period - Snap shot by Trevor Lewis.
18:32 of 3rd period - Stopped by J-F Berube with a rebound.
18:42 of 3rd period - Pavel Zacha is hit by Tanner Pearson.
18:58 of 3rd period - Snap shot by Steven Stamkos.
18:58 of 3rd period - Stopped by Jonathan Quick with a rebound.
19:00 of 3rd period - Las Vegas Golden Knights, J-F Berube is pulled from the net.
19:00 of 3rd period - Wrist shot by Steven Stamkos.
19:00 of 3rd period - Shot Misses the Net.
Goals for this period are 1 for Los Angeles Kings vs 1 for Las Vegas Golden Knights.
Shots for this period are 12 for Los Angeles Kings vs 11 for Las Vegas Golden Knights.